 Dungeon Crawl Stone Soup version 0.28-a0-1493-g08698888e4 (webtiles) character file.

Game seed: 232086804751219269

98 ytrimaz the Cudgeller (level 4, 35/35 HPs)
             Began as a Demonspawn Fighter on Jan 12, 2022.
             Quit the game on level 2 of the Dungeon.
             The game lasted 00:01:38 (2422 turns).

ytrimaz the Cudgeller (Demonspawn Fighter)          Turns: 2422, Time: 00:01:39

Health: 35/35      AC:  9    Str: 18    XL:     4   Next: 43%
Magic:  4/4        EV:  9    Int:  9    God:
Gold:   94         SH:  4    Dex: 13    Spells: 3/3 levels left

rFire   . . .      SeeInvis .   a - +0 flail
rCold   . . .      Faith    .   c - +0 buckler
rNeg    . . .      Spirit   .   b - +0 scale mail
rPois   .          Reflect  .   (no helmet)
rElec   .          Harm     .   (no cloak)
rCorr   .          Rampage  .   (no gloves)
Will    .....                   (no boots)
Stlth   ..........              (no amulet)
HPRegen 0.11/turn               (no ring)
MPRegen 0.09/turn               (no ring)

@: no status effects
A: molten scales 2, foul stench 1
a: no special abilities


You were on level 2 of the Dungeon.
You visited 1 branch of the dungeon, and saw 2 of its levels.

You collected 94 gold pieces.

Inventory:

Hand Weapons
 a - a +0 flail (weapon)
Armour
 b - a +0 scale mail (worn)
 c - a +0 buckler (worn)
Scrolls
 h - a scroll of vulnerability
Potions
 d - a potion of might
 e - a potion of brilliance {unknown}
 f - a potion of mutation {unknown}


   Skills:
 + Level 3.2 Fighting
 * Level 3.4 Maces & Flails
 + Level 3.0 Armour
 * Level 3.2 Shields


You had 3 spell levels left.
You didn't know any spells.
Your spell library contained the following spells:

 Spells                   Type           Power      Damage    Failure   Level
 Blade Hands              Tmut           0%         N/A       100%        5
 Irradiate                Conj/Tmut      0%         3d14      100%        5
 Dragon Form              Tmut           0%         N/A       100%        7


Dungeon Overview and Level Annotations

Branches:
Dungeon (2/15)

Altars:
Elyvilon


Innate Abilities, Weirdness & Mutations

You are mostly covered in molten scales. (AC +3)
You may rarely emit foul miasma when damaged in melee.


Message History

You sock the jackal!
You kill the jackal!
The adder bites you but does no damage. You block the adder's attack.
You closely miss the adder. The adder bites you.
You thump the adder!
You kill the adder!
No target in view!
No target in view!
No target in view!
No target in view!
You see here a jackal corpse.
There is an open door here.
You open the door.
A kobold comes into view. It is wielding a +0 short sword.
Found a viscous black potion.
A kobold is nearby!
There is an open door here.
You block the kobold's attack.
You closely miss the kobold.
The kobold hits you with a +0 short sword.
You hit the kobold.
The kobold is moderately wounded.
The kobold hits you but does no damage.
You hit the kobold.
You kill the kobold!
No target in view!
No target in view!
Things that are here:
a +0 short sword; 5 stones; a kobold corpse
f - a viscous black potion No target in view!
No target in view!
No target in view!
No target in view!
No target in view!
No target in view!
No target in view!
No target in view!
No target in view!
Are you sure you want to abandon this character and quit the game? (Confirm with "yes".)

#.#...#....................
#........#....................
#....... #.....)..............
#......# ####'#######'#######'
#......# ##...## ##(..## ##..
#......# ##..)..###..†..###..) ##
#......#.#.......#.......#.... .#
#......#.#.......#.......#.... .#
#......#.#...@...#.......#...)
#######)#.#.##.....###.....###...
........#.#..##...##.##...## ##..
#########.....######.###### ###
#.............##.#
#....<....#.#.>#######
#.........#...........
#......#..####.#######
############......##.#


There were no monsters in sight!

Vanquished Creatures
  2 adders (D:2)
  A worm (D:2)
  A dart slug (D:2)
  3 bats (D:1)
  7 endoplasms
  2 giant cockroaches (D:1)
  6 goblins
  6 hobgoblins (D:1)
  9 jackals
  2 quokkas
  9 ball pythons
  3 frilled lizards
  9 kobolds
  7 rats
67 creatures vanquished.

Notes
Turn   | Place    | Note
-------+----------+-------------------------------------------
     0 | D:1      | ytrimaz the Demonspawn Fighter began the quest for the Orb.
     0 | D:1      | Reached XP level 1. HP: 18/18 MP: 1/1
   165 | D:1      | Gained mutation: You are partially covered in molten
                  | scales. (AC +2) [demonic ancestry]
   165 | D:1      | Reached XP level 2. HP: 19/24 MP: 2/2
   815 | D:1      | Found a faded altar of an unknown god.
   838 | D:1      | Gained mutation: You are mostly covered in molten scales.
                  | (AC +3) [demonic ancestry]
   838 | D:1      | Reached XP level 3. HP: 20/29 MP: 3/3
  2024 | D:2      | Gained mutation: You may rarely emit foul miasma when
                  | damaged in melee. [demonic ancestry]
  2024 | D:2      | Reached XP level 4. HP: 18/35 MP: 4/4
  2422 | D:2      | Quit the game

Illustrated notes

Levels and vault maps discovered:
D:1:      dpeg_arrival_simpleton_a, layout_loops_corners,
          hellmonk_ecumenical_altar_dog_temple, minmay_pentomino_z2
D:2:      kennysheep_six_static_rooms, layout_basic, basic_altar,
          lightli_corner_chamber

Skill      XL: |  1  2  3 |
---------------+----------+-----
Shields        | 3 |  3.2
Maces & Flails | 2 3 |  3.4
Armour         | 3 |  3.0
Fighting       | |  3.2

Action                   |  1- 3 |  4- 6 || total
-------------------------+-------+-------++-------
Melee: Flail             |   175 |    23 ||   198
  Use: Scroll            |     2 |       ||     2
Armor: Scale mail        |   102 |     6 ||   108
Dodge: Dodged            |    99 |     5 ||   104
Block: Buckler           |    60 |     7 ||    67

Table legend: (Time is in decaauts)
 A = Elapsed time spent in this place.
 B = Non-inter-level travel time spent in this place.
 C = Inter-level travel time spent in this place.
 D = Time resting spent in this place.
 E = Time spent auto-exploring this place.
 F = Levels seen in this place.
 G = Mean time per level.
                   A        B        C        D        E       F      G
               +--------+--------+--------+--------+--------+-----+--------+
         Total |   2486 |   2449 |     37 |      0 |   2040 |   2 | 1243.0 |
       Dungeon |   2486 |   2449 |     37 |      0 |   2040 |   2 | 1243.0 |
               +--------+--------+--------+--------+--------+-----+--------+

Top non-repeatable levels by time:
     D:1: 1704 daAuts
     D:2: 781 daAuts
